Cogmind - Beta 11.1 @@@ ROGUE MODE // 2022.05.28 @ 14:43:11 Player: Pogmind Result: Destroyed by NK-0LA with NK-0LA's Tesla Doomcannon Performance ------------- Evolutions (1) 500 Regions Visited (6) 1200 Robots Destroyed (99) 495 Value Destroyed (2503) 2503 Prototype IDs (29) 580 Alien Tech Used (0) 0 Bonus (322) 322 TOTAL SCORE: 5600 Bonus ------- High Alert Combat Kills 22 Aligned with FarCom 300 Cogmind --------- Core Integrity 0/400 Matter 259/300 Energy 95/100 System Corruption 14% Temperature Cool (0) Movement Treading (240) Ox1 Location -8/Mines Parts ------- > --- POWER (1) -------- (None) > --- PROPULSION (2) --- Improved Treads Improved Treads > --- UTILITY (4) ------ Huge Storage Unit Improved Light Armor Plating > --- WEAPON (2) ------- Katana > --- INVENTORY (25) --- Improved Treads Improved Treads Armored Wheel Flying Fortress v7 Heat Sink High-capacity Storage Unit Hacking Suite Hacking Suite Hacking Suite Decoy Drone Bay (16/16) Heavy EM Shotgun Heavy EM Shotgun Heavy EM Shotgun Advanced Beam Cannon Advanced Beam Cannon Advanced Beam Cannon Rocket Launcher Peak State ------------ > --- POWER ------------ Heavy Ion Engine > --- PROPULSION ------- Improved Treads Improved Treads > --- UTILITY ---------- Cooling System Huge Storage Unit Improved Light Armor Plating Improved Light Armor Plating > --- WEAPON ----------- YOLO Cannon > --- INVENTORY -------- Heavy Ion Engine Improved Treads Improved Treads Improved Treads Improved Treads Armored Wheel Heat Sink High-capacity Storage Unit Improved Light Armor Plating Improved Light Armor Plating Hacking Suite Hacking Suite Hacking Suite Decoy Drone Bay Heavy EM Shotgun Heavy EM Shotgun Heavy EM Shotgun Advanced Beam Cannon Advanced Beam Cannon Advanced Beam Cannon Advanced Beam Cannon Rocket Launcher Katana [Rating: 43] Favorites ----------- Power Heavy Ion Engine Engine Heavy Ion Engine Propulsion Light Treads Treads Light Treads Wheel Armored Wheel Flight Unit Improved Flight Unit Utility Improved Light Armor Plating Device Cooling System Storage Huge Storage Unit Processor Melee Analysis Suite Protection Improved Light Armor Plating Weapon Advanced Beam Cannon Energy Gun EM Pulse Gun Energy Cannon Advanced Beam Cannon Ballistic Gun Assault Rifle Launcher Grenade Launcher Slashing Weapon Katana Build | -11 -10 -10 -9 -9 -9 -8 ------- Run | Scr Mat Min Mat Min Exi Min Slots Evolved 2 | . . . 2 . . . Power . | . . . . . . . Propulsion . | . . . . . . . Utility 2 | . . . 2 . . . Weapon . | . . . . . . . Parts Attached 89 | 7 17 8 32 10 7 8 Power 8 | 1 2 1 3 . 1 . Engine 8 | 1 2 1 3 . 1 . Core . | . . . . . . . Reactor . | . . . . . . . Propulsion 16 | 2 . 2 6 . 2 4 Treads 14 | 2 . 2 5 . 1 4 Leg . | . . . . . . . Wheel 1 | . . . . . 1 . Hover . | . . . . . . . Flight 1 | . . . 1 . . . Utility 28 | 1 8 1 10 6 . 2 Device 8 | . 1 1 4 2 . . Storage 5 | 1 3 . 1 . . . Processor 1 | . . . 1 . . . Hackware . | . . . . . . . Protection 14 | . 4 . 4 4 . 2 Artifact . | . . . . . . . Weapon 37 | 3 7 4 13 4 4 2 Energy Gun 13 | 2 6 3 2 . . . Energy Cannon 15 | . . . 8 3 3 1 Ballistic Gun 2 | 1 . 1 . . . . Ballistic Cannon . | . . . . . . . Launcher 4 | . 1 . 2 1 . . Special Weapon . | . . . . . . . Impact Weapon . | . . . . . . . Slashing Weapon 3 | . . . 1 . 1 1 Piercing Weapon . | . . . . . . . Special Melee Weapon . | . . . . . . . Unidentified Prototypes 6 | . . . 5 1 . . Parts Lost 30 | . 3 7 7 5 . 8 Power 5 | . 1 1 2 . . 1 Propulsion 7 | . . 2 3 . . 2 Utility 11 | . 1 1 2 3 . 4 Weapon 7 | . 1 3 . 2 . 1 Highest Loss Streak 8 | . 3 3 2 4 . 8 To Critical Strikes . | . . . . . . . Average Slot Usage (%) 97 | . 97 95 97 99 97 95 Engine 11 | . 14 14 10 11 10 11 Treads 23 | . 28 27 21 22 21 21 Device 10 | . 2 6 15 11 11 10 Storage 12 | . 14 14 11 11 11 11 Protection 14 | . 9 3 14 21 22 22 Energy Gun 7 | . 23 20 . . . . Energy Cannon 14 | . . . 21 21 19 17 Ballistic Gun 1 | . 4 7 . . . . Naked Turns . | . . . . . . . Heaviest Build 114 | 12 50 50 104 104 114 104 Greatest Support 46 | 40 40 40 46 46 46 46 Greatest Overweight (x) 8 | . 1 1 2 2 8 2 Average Overweight (x) 1 | . . 1 1 2 2 2 Largest Inventory Capacity 25 | 8 20 20 25 25 25 25 Average Capacity 21 | 6 14 20 22 25 25 25 Most Carried 25 | 4 20 20 25 25 25 25 Average Carried 19 | 2 10 16 21 22 24 24 Final Capacity 25 | 8 20 20 25 25 25 25 Final Carried 25 | 4 20 16 25 23 25 21 Class Distribution -------------------- 86% | Mutant 13% | Scavenger-Mutant Dominant Class ---------------- Mutant | -10/Materials Mutant | -10/Mines Mutant | -9/Materials Mutant | -9/Mines Mutant | -9/Exiles Mutant | -8/Mines Resources | -11 -10 -10 -9 -9 -9 -8 ----------- Run | Scr Mat Min Mat Min Exi Min Matter Collected 1278 | 171 349 268 330 91 50 19 Remotely . | . . . . . . . Salvage Created 3368 | . 593 478 2055 223 . 19 Parts 202 | . 36 27 128 9 . 2 Haulers Intercepted 4 | . 1 . 3 . . . Recyclers Shooed 3 | . . 1 2 . . . Parts Field Recycled . | . . . . . . . Retrieved Matter . | . . . . . . . Parts Self-Destructed . | . . . . . . . Prevented . | . . . . . . . Kills | -11 -10 -10 -9 -9 -9 -8 ------- Run | Scr Mat Min Mat Min Exi Min Combat Hostiles Destroyed 69 | . 11 11 41 6 . . Guns 17 | . 7 9 1 . . . Cannons 36 | . . . 32 4 . . AOE 12 | . 3 1 6 2 . . Classes Destroyed 11 | . 8 . 3 . . . Worker 7 | . 1 1 3 1 . 1 Builder 1 | . . . 1 . . . Tunneler 2 | . 1 1 . . . . Hauler 4 | . 1 . 3 . . . Recycler 4 | . 1 1 2 . . . Operator 4 | . 2 . 2 . . . Watcher 8 | . 3 . 5 . . . Swarmer 15 | . 3 3 9 . . . Grunt 41 | . 8 8 20 5 . . Duelist 2 | . . . 2 . . . Sentry 10 | . . . 10 . . . Best Kill Streak 6 | . 5 3 6 3 . 1 Combat Bots Only 4 | . 4 3 4 3 . . Max Kills in Single Turn 3 | . 2 2 3 2 . 1 Gunslinging 1 | . . 1 . . . . Exploded 3 | . 2 1 3 2 . . Melee . | . . . . . . . Uniques/NPCs Destroyed 1 | . . . . 1 . . YI-UF0 (-9/Mines) Combat | -11 -10 -10 -9 -9 -9 -8 -------- Run | Scr Mat Min Mat Min Exi Min Damage Taken 4582 | . 572 670 1069 740 133 1398 Core 641 | . 85 144 165 65 15 167 Absorbed by Shields 17 | . . 13 4 . . . Redirected to Shielding 3 | . 3 . . . . . Core Remaining (%) 54 | 100 . 8 . . . . Volleys Fired 201 | . 44 32 91 23 10 1 Largest 2 | . 2 2 2 2 2 2 Hottest 136 | . 80 85 136 136 136 136 Shots Fired 389 | . 86 64 176 45 16 2 Gun 152 | . 84 64 4 . . . Cannon 230 | . . . 168 44 16 2 Launcher 7 | . 2 . 4 1 . . Special . | . . . . . . . Kinetic 42 | . 35 7 . . . . Thermal 273 | . 35 4 172 44 16 2 Explosive 7 | . 2 . 4 1 . . Electromagnetic 67 | . 14 53 . . . . Robot Hit Streak 17 | . 10 8 17 12 . 1 Robot Miss Streak 7 | . 6 2 7 5 . 1 Penetration Max . | . . . . . . . Secondary Targets 3 | . . 3 . . . . Max Gunslinging Chain 1 | . . 1 . . . . Shots Hit Robots 240 | . 59 42 105 22 . 12 Core Hits 125 | . 31 20 61 10 . 3 Critical Kills 3 | . 1 . 2 . . . Critical Parts Destroyed . | . . . . . . . Critical Strikes 5 | . 2 . 2 . . 1 Burn 1 | . 1 . . . . . Meltdown 2 | . . . 2 . . . Destroy 1 | . 1 . . . . . Sever 1 | . . . . . . 1 Melee Attacks 16 | . . . 1 . 3 12 Impact . | . . . . . . . Slashing 16 | . . . 1 . 3 12 Piercing . | . . . . . . . Sneak Attacks . | . . . . . . . Combat Hostiles . | . . . . . . . Follow-up Attacks . | . . . . . . . Damage Inflicted 5922 | 4 939 1062 2926 618 . 373 Guns 1425 | . 766 595 64 . . . Cannons 2667 | . . . 2192 454 . 21 Explosions 1340 | . 133 436 619 152 . . Melee 352 | . . . . . . 352 Ramming 138 | 4 40 31 51 12 . . Kinetic 377 | . 308 69 . . . . Thermal 3627 | . 413 483 2256 454 . 21 Explosive 838 | . 67 . 619 152 . . Electromagnetic 590 | . 111 479 . . . . Impact . | . . . . . . . Slashing 352 | . . . . . . 352 Piercing . | . . . . . . . Highest Corruption 12 | . . . . . . 12 Average Corruption 7 | . . . . . . 7 Corruption Purged . | . . . . . . . Corruption Blocked . | . . . . . . . Effects 1 | . . . . . . 1 Parts Rejected 1 | . . . . . . 1 Overload Shots . | . . . . . . . Overflow Damage 102 | . 36 7 48 9 . 2 Projectiles 15 | . . . 6 9 . . Explosions 76 | . 36 7 33 . . . Melee 11 | . . . 9 . . 2 Knockbacks 1 | . . 1 . . . . Impact 1 | . . 1 . . . . Kinetic . | . . . . . . . Secondary . | . . . . . . . Self-Inflicted Damage 61 | . 27 34 . . . . Shots 2 | . 1 1 . . . . Rammed 27 | 2 10 4 10 1 . . Targets Rammed 31 | 2 12 6 10 1 . . Kicked . | . . . . . . . Crushed 4 | . 2 2 . . . . Highest Temperature 334 | . 87 334 329 191 30 15 Average Temperature 66 | . 39 115 57 63 12 10 Received Heat Transfer 1129 | . 273 351 394 111 . . Siege Activations . | . . . . . . . Robots Corrupted 1 | . . 1 . . . . Combat Hostiles 1 | . . 1 . . . . Parts Fried . | . . . . . . . Impact Corruptions 2 | . . . 2 . . . Robots Melted 3 | . 1 . 2 . . . Combat Hostiles 3 | . 1 . 2 . . . Parts Melted 9 | . 2 . 7 . . . Heat Transferred 6551 | . 1154 661 3885 814 . 37 Parts Sabotaged . | . . . . . . . Parts Stolen . | . . . . . . . Parts Stripped . | . . . . . . . Power Chain Reactions 6 | . 1 5 . . . . Missiles Intercepted . | . . . . . . . Alert | -11 -10 -10 -9 -9 -9 -8 ------- Run | Scr Mat Min Mat Min Exi Min Peak Influence 467 | . 130 130 467 256 . 5 Initial 174 | . . 6 . 174 . . Average 144 | . 50 67 265 60 . 1 Maximum Alert Level 2 | . . . 2 1 . . Low Security (%) 71 | 100 100 100 35 95 . 100 Level 1 18 | . . . 43 4 . . Level 2 9 | . . . 21 . . . Level 3 . | . . . . . . . Level 4 . | . . . . . . . Level 5 . | . . . . . . . High Security . | . . . . . . . Max Security . | . . . . . . . Squads Dispatched 9 | . 3 . 6 . . . Investigation 4 | . 1 . 3 . . . Extermination . | . . . . . . . Reinforcement 5 | . 2 . 3 . . . Assault . | . . . . . . . Garrison . | . . . . . . . Intercept . | . . . . . . . Searches Triggered . | . . . . . . . Construction Impeded . | . . . . . . . Haulers Reinforced . | . . . . . . . Active Scanning Responses . | . . . . . . . Cargo Convoy Interrupts . | . . . . . . . Stealth | -11 -10 -10 -9 -9 -9 -8 --------- Run | Scr Mat Min Mat Min Exi Min Distress Signals 5 | . 1 . 4 . . . Communications Jammed . | . . . . . . . Distress Signals . | . . . . . . . Times Spotted 109 | . 19 11 65 5 8 1 Peak Tracking Total 9 | . 4 3 7 3 9 1 Tactical Retreats 8 | . . . 8 . . . Traps | -11 -10 -10 -9 -9 -9 -8 ------- Run | Scr Mat Min Mat Min Exi Min Traps Triggered 2 | . 2 . . . . . Indirectly . | . . . . . . . Trap Hack Attempts . | . . . . . . . Triggered . | . . . . . . . Disarmed . | . . . . . . . Reprogrammed . | . . . . . . . Reused . | . . . . . . . Traps Extracted . | . . . . . . . Installed . | . . . . . . . Triggered . | . . . . . . . Machines | -11 -10 -10 -9 -9 -9 -8 ---------- Run | Scr Mat Min Mat Min Exi Min Machines Disabled 12 | . 1 . 4 1 6 . Max in Single Turn 1 | . 1 . 1 1 1 . Machines Sabotaged . | . . . . . . . Garrisons Compromised . | . . . . . . . Overloaded Fab Kills . | . . . . . . . Hacking | -11 -10 -10 -9 -9 -9 -8 --------- Run | Scr Mat Min Mat Min Exi Min Machines Accessed 22 | . 7 1 11 1 2 . Terminals 16 | . 6 1 9 . . . Fabricators . | . . . . . . . Repair Stations . | . . . . . . . Recycling Units 3 | . 1 . 2 . . . Scanalyzers . | . . . . . . . Garrison Access . | . . . . . . . Total Hacks 50 | . 18 2 27 1 2 . Successful 27 | . 10 1 13 1 2 . Failed 23 | . 8 1 14 . . . Catastrophic 1 | . . . 1 . . . Database Lockouts . | . . . . . . . Manual 39 | . 13 1 24 . 1 . Terminals 44 | . 17 2 25 . . . Fabricators . | . . . . . . . Repair Stations . | . . . . . . . Recycling Units 3 | . 1 . 2 . . . Scanalyzers . | . . . . . . . Garrison Access . | . . . . . . . Terminal Hacks 18 | . 6 1 8 1 2 . Record 1 | . . . . . 1 . Robot Analysis 4 | . 1 1 2 . . . Open Door 1 | . . . . 1 . . Unreport Threat 4 | . 1 . 3 . . . Locate Traps 5 | . 3 . 2 . . . Hauler Manifests 2 | . 1 . 1 . . . EX-Prototype ID Bank 1 | . . . . . 1 . Fabricator Hacks . | . . . . . . . Repair Station Hacks . | . . . . . . . Recycling Unit Hacks . | . . . . . . . Scanalyzer . | . . . . . . . Garrison Access Hacks . | . . . . . . . Unauthorized Hacks 9 | . 4 . 5 . . . Terminals 6 | . 3 . 3 . . . Botnet 6 | . 3 . 3 . . . Fabricators . | . . . . . . . Repair Stations . | . . . . . . . Recycling Units 3 | . 1 . 2 . . . Tunnel 3 | . 1 . 2 . . . Scanalyzers . | . . . . . . . Garrison Access . | . . . . . . . Data Cores Recovered . | . . . . . . . Used . | . . . . . . . Hacking Detections 16 | . 6 1 9 . . . Full Trace Events . | . . . . . . . Feedback Events . | . . . . . . . Feedback Blocked . | . . . . . . . Robot Schematics Acquired . | . . . . . . . Robots Built . | . . . . . . . Authchips . | . . . . . . . Time . | . . . . . . . Total Robot Build Rating . | . . . . . . . Part Schematics Acquired . | . . . . . . . Parts Built . | . . . . . . . Authchips . | . . . . . . . Time . | . . . . . . . Total Part Build Rating . | . . . . . . . Parts Repaired . | . . . . . . . Time . | . . . . . . . Parts Recycled . | . . . . . . . Recycled Matter . | . . . . . . . Retrieved Matter . | . . . . . . . Retrieved Components . | . . . . . . . Parts Scanalyzed . | . . . . . . . Part Schematics Acquired . | . . . . . . . Parts Damaged . | . . . . . . . Bothacking | -11 -10 -10 -9 -9 -9 -8 ------------ Run | Scr Mat Min Mat Min Exi Min Used RIF Installer . | . . . . . . . Robots Hacked . | . . . . . . . Non-combat . | . . . . . . . Combat . | . . . . . . . Robot Hacks Applied . | . . . . . . . Relay Couplers Released . | . . . . . . . Fabnet Peak Effective % . | . . . . . . . Robots Rewired . | . . . . . . . Allies Hacked . | . . . . . . . Hacks Repelled . | . . . . . . . Allies | -11 -10 -10 -9 -9 -9 -8 -------- Run | Scr Mat Min Mat Min Exi Min Total Allies . | . . . . . . . Largest Group . | . . . . . . . Highest-Rated Group . | . . . . . . . Highest-Rated Ally . | . . . . . . . Total Orders . | . . . . . . . Ally Attacks . | . . . . . . . Total Damage . | . . . . . . . Kills . | . . . . . . . Allies Corrupted . | . . . . . . . Allies Melted . | . . . . . . . Intel | -11 -10 -10 -9 -9 -9 -8 ------- Run | Scr Mat Min Mat Min Exi Min Robot Analysis Total 4 | . 1 1 2 . . . Derelict Logs Recovered 2 | . . 1 . 1 . . Drone Launches . | . . . . . . . Drone Recoveries . | . . . . . . . Exploration | -11 -10 -10 -9 -9 -9 -8 ------------- Run | Scr Mat Min Mat Min Exi Min Turns Passed 12214 | 81 2288 1446 3951 1452 2856 140 Spaces Moved 4334 | 43 1172 548 1255 426 882 8 Core 4 | 4 . . . . . . Treads 4306 | 39 1172 548 1255 426 858 8 Legs . | . . . . . . . Wheels 24 | . . . . . 24 . Hover . | . . . . . . . Flight . | . . . . . . . Fastest Speed 50 | 50 160 240 240 320 210 320 Average Speed 255 | 149 175 240 273 320 317 320 Slowest Speed 320 | 160 240 240 320 320 320 320 Overloaded Moves . | . . . . . . . Propulsion Burnouts . | . . . . . . . Robots Hopped . | . . . . . . . Cave-ins Triggered . | . . . . . . . Exploration Rate (%) 70 | 4 98 98 99 98 91 4 Regions Visited 6 Branch Regions 4 Pre-discovered Areas 4 | . 1 . 2 . 1 . Known Exits Taken 1 | . . 1 . . . . Unknown Exits Taken 5 | 1 1 . 1 1 1 . Scrap Searched 2 | . . 1 . 1 . . Spaces Dug 4 | . . . 1 . 3 . Terrain Destroyed 113 | . 14 31 16 8 44 . Melee 4 | . . . 1 . 3 . Projectile 6 | . . . . 4 2 . AOE 103 | . 14 31 15 4 39 . Terrain Rammed . | . . . . . . . Walls Destroyed . | . . . . . . . Machines Disabled . | . . . . . . . Actions | -11 -10 -10 -9 -9 -9 -8 --------- Run | Scr Mat Min Mat Min Exi Min Total 5053 | 55 1303 607 1597 469 920 102 Wait 261 | . 32 11 127 6 12 73 Move 4328 | 42 1171 547 1254 425 881 8 Hop . | . . . . . . . Pick Up 70 | 4 19 3 42 1 1 . Fast Attach 32 | 6 9 . 14 1 1 1 Attach 31 | . 2 7 7 7 4 4 Detach 11 | . 2 . 3 3 3 . Swap 26 | 1 6 1 11 2 2 3 Drop 46 | . 6 . 37 . 3 . Fire 201 | . 44 32 91 23 10 1 Melee 16 | . . . 1 . 3 12 Ram . | . . . . . . . Kick . | . . . . . . . Crush 31 | 2 12 6 10 1 . . Escape Stasis . | . . . . . . . Rewire . | . . . . . . . Trap . | . . . . . . . Miscellaneous . | . . . . . . . Route ------- -11/Scrapyard -10/Materials (discovered 5 exits: *Mat x3 / *Min x2) -10/Mines (discovered 2 exits: *Mat x2) -9/Materials (discovered 6 exits: [*Mat x3] / *Min / [*Sto x2]) -9/Mines (discovered 4 exits: [*Mat x2] / *Exi / [*Zio]) -9/Exiles (discovered 2 exits: [*Min x2]) -8/Mines History --------- Turn | Location | Event 42 | -11/Scrapyard | Discovered new exit (range 15) 82 | -11/Scrapyard | Entered Materials 308 | -10/Materials | Build established: Mutant 597 | -10/Materials | Discovered new exit (range 15) 716 | -10/Materials | Lost 3 parts (1p1u1w) 907 | -10/Materials | Discovered new exit (range 12) 934 | -10/Materials | Discovered new exit (range 16) 1002 | -10/Materials | Discovered new exit (range 15) 1451 | -10/Materials | Discovered new exit (range 16) 2370 | -10/Materials | Entered Mines 2411 | -10/Mines | Lost 3 parts (1p1n1w) 2434 | -10/Mines | Discovered new exit (range 5) 2506 | -10/Mines | Identified exit to Materials 2518 | -10/Mines | Core integrity fell below 50% 2987 | -10/Mines | Core integrity fell below 20% 3229 | -10/Mines | Received a Rocket Launcher from a helpful Derelict 3816 | -10/Mines | Entered Materials 3816 | -9/Materials | Evolved 2 slots: Utility x2 4560 | -9/Materials | Discovered new exit (range 15) 4573 | -9/Materials | Build established: Scavenger-Mutant 5131 | -9/Materials | Discovered new exit (range 12) 5287 | -9/Materials | Discovered new exit (range 4) 5509 | -9/Materials | Discovered new exit (range 4) 6244 | -9/Materials | Discovered new exit (range 12) 6258 | -9/Materials | Build established: Mutant 6888 | -9/Materials | Discovered new exit (range 10) 7767 | -9/Materials | Entered Mines 8008 | -9/Mines | YI-UF0 nonchalantly dropped a Grenade Launcher on the ground 8154 | -9/Mines | Core integrity fell below 50% 8158 | -9/Mines | Destroyed YI-UF0 8164 | -9/Mines | Discovered new exit (range 15) 8180 | -9/Mines | Lost 4 parts (3u1w) 8276 | -9/Mines | Found a hidden stash of uninstalled traps 8373 | -9/Mines | A Derelict revealed a hidden shortcut to a safe place 8600 | -9/Mines | Found the Drone Emporium 8613 | -9/Mines | Found Prototype Device 8613 | -9/Mines | Identified Decoy Drone Bay 8678 | -9/Mines | Learned 2 Materials zone layouts 9077 | -9/Mines | Discovered new exit (range 9) 9203 | -9/Mines | Deemed a non-threat by the Exiles lab entrance 9206 | -9/Mines | Discovered new exit (range 5) 9219 | -9/Mines | Entered Exiles 9306 | -9/Exiles | Met 8R-AWN 9351 | -9/Exiles | Met EX-HEX 9491 | -9/Exiles | Met EX-DEC 9504 | -9/Exiles | Learned location of Zion (-7) 9869 | -9/Exiles | Met EX-BIN 9920 | -9/Exiles | Aligned with FarCom system 9923 | -9/Exiles | Given EX-Vault access code 10007 | -9/Exiles | Opened EX-Vault 10035 | -9/Exiles | Found YOLO Cannon 10114 | -9/Exiles | Warned to stay clear of 0b10 Research branches 10344 | -9/Exiles | Discovered new exit (range 15) 10720 | -9/Exiles | Found Flying Fortress v7 11101 | -9/Exiles | Visited The Gauntlet 11551 | -9/Exiles | Discovered new exit (range 11) 12053 | -9/Exiles | Attacked by the Exiles 12075 | -9/Exiles | Left Exiles lab with Flying Fortress v7 12075 | -9/Exiles | Entered Mines 12178 | -8/Mines | NK-0LA came to Exiles' defense 12196 | -8/Mines | Core integrity fell below 20% 12204 | -8/Mines | System corruption reached 10% 12215 | -8/Mines | Destroyed by NK-0LA with NK-0LA's Tesla Doomcannon Last Messages --------------- 12053_ EXILES: Hostile robot within lab perimeter. Defensive protocols time, folks! A strange signal echoes through the mines. LOCATION=UNKNOWN GOAL=ESCAPE 12156_ K-01 Serf collects debris. 12161_ K-01 Serf destroyed. 12177_ Acquired 19 matter. 12178_ NK-0LA: "I came as fast as I could... Wait, it was you!" 12189_ Adv. Beam Cannon destroyed. 12189_ NK-0LA Prototype Leg severed. 12191_ Imp. Light Armor Plating destroyed. 12197_ Imp. Treads destroyed. 12205_ Cooling System destroyed. 12206_ Destroyed Adv. Power Amplifier. 12208_ NK-0LA suffers critical hit (Burn). 12209_ System corrupted: Imp. Treads rejected. 12211_ Acquired Imp. Treads. 12211_ Imp. Light Armor Plating destroyed. 12213_ Hvy. Ion Engine destroyed. Map ----- +----------------------------------------------------+ | | | | | | | | | | | | | | | | | | | | | | | | | | | | | | | | | ?????????????????????????????????????????????????? | | ?????????????????????????????????????????????????? | | ?????????????????????????????????????????????????? | | ?????????????????????????####????????????????????? | | ????????????????????????## ##???????????????????? | | ????????????????????????# #???????????????????? | | ????????????????????????# #???????????????????? | | ???????????## ??????????# #???????????????????? | | ???????????# ] ]######## #???????????????????? | | ????????? % =@* #???????????????????? | | ????????? ! t x## #???????????????????? | | ?????????? #########g#####???????????????????? | | ???????????????????????# ???????????????????????? | | ???????????????????????###???????????????????????? | | ?????????????????????????????????????????????????? | | ?????????????????????????????????????????????????? | | ?????????????????????????????????????????????????? | | ?????????????????????????????????????????????????? | | ?????????????????????????????????????????????????? | | ?????????????????????????????????????????????????? | | ?????????????????????????????????????????????????? | | ?????????????????????????????????????????????????? | | ?????????????????????????????????????????????????? | | ?????????????????????????????????????????????????? | | ?????????????????????????????????????????????????? | | ?????????????????????????????????????????????????? | | ?????????????????????????????????????????????????? | | ?????????????????????????????????????????????????? | | ?????????????????????????????????????????????????? | | ?????????????????????????????????????????????????? | | ?????????????????????????????????????????????????? | | ?????????????????????????????????????????????????? | | ?????????????????????????????????????????????????? | | ?????????????????????????????????????????????????? | +----------------------------------------------------+ Best States ------------- Heat Dissipation 60 Energy Generation 14 Energy Capacity 280 Matter Stores 300 Matter Capacity 300 Sight Range 16 Terrain Scan Density 10 Armor Coverage 300 Power Shielding 33 Evasion (%) 40 Melee Accuracy 5 Recoil Reduction 2 Item Schematics ----------------- None Robot Schematics ------------------ None Fabricated ------------ Nothing Alien Tech Used ----------------- None Achievements -------------- None Challenges ------------ None Game ------ Seed CryofiberProtonCharger Manual? 0 Play Time 01:03:55 Cumulative 443.8 hours Start 2022.05.28 @ 12:56:28 End 2022.05.28 @ 14:43:11 Sessions 1 Manual Loads 0 Difficulty Rogue Special Mode None Game No. 38 Rogue 33 Adventurer 5 Explorer 0 Win Type - Total 19 Types 5/4/3/0/3/1/2/0/1 Lore% 78 Gallery% 88 Achievement% 80 Wizard Run 0 Options --------- ASCII 0 Keyboard 1 Movement Arrows Keybinds 0 Fullscreen 2 Font 18/SmallcapsGlow Map View 76x50 Tactical HUD 1 Map Filters NONE Filters NONE Steam 1 RUN: 60107a6c-e2aa-43e6-9640-e0114dd8ea27